 Dungeon Crawl Stone Soup version 0.31.0-11-ge490571c62 (webtiles) character file.

Game seed: 2324473673512918797

160 qw the Shooter (level 5, -4/26 HPs)
             Began as a Spriggan Hunter on Feb 4, 2024.
             Slain by Robin
             ... wielding a +0 trident
              (7 damage)
             ... on level 3 of the Dungeon.
             The game lasted 00:00:11 (2208 turns).

qw the Shooter (Spriggan Hunter)                    Turns: 2208, Time: 00:00:12

Health: -4/26      AC:  5    Str:  7    XL:     5   Next: 17%
Magic:  6/6        EV: 20    Int: 11    God:
Gold:   166        SH:  0    Dex: 20    Spells: 4/4 levels left

rFire   . . .        a - +0 shortbow
rCold   . . .        (shield currently unavailable)
rNeg    . . .        c - +0 robe
rPois   .            (helmet restricted)
rElec   .            j - +2 cloak
rCorr   .            (gloves unavailable)
SInv    +            (boots unavailable)
Will    .....        (no amulet)
Stlth   ++           (no ring)
HPRegen 0.24/turn    (no ring)
MPRegen 0.10/turn

%: no passive effects
@: very quick
A: very small, no large weapons, unfitting armour, see invisible, speed 3
a: no special abilities


You were on level 3 of the Dungeon.
You visited 1 branch of the dungeon, and saw 3 of its levels.

You collected 166 gold pieces.


Innate Abilities, Weirdness & Mutations

You are very small and have problems with some larger weapons.
You are too small for most types of armour.
You have supernaturally acute eyesight. (SInv)
You cover ground extremely quickly. (Speed+++)


   Skills:
 - Level 2.0 Fighting
 + Level 5.4 Ranged Weapons
 - Level 5.0 Dodging
 - Level 1.5 Stealth


You had 4 spell levels left.
You didn't know any spells.
Your spell library was empty.

Inventory:

Hand Weapons
 a - a +0 shortbow (weapon)
Armour
 c - a +0 robe (worn)
 j - a +2 cloak (worn)
Jewellery
 f - a ring of ice
 l - the ring of Zameed {AC+4 Str+5}
   (You found it on level 3 of the Dungeon)

   [ring of protection]

   AC+4:      It affects your AC (+4).
   Str+5:     It affects your strength (+5).
Scrolls
 m - a scroll of identify
Potions
 b - a potion of cancellation {unknown}
 d - 2 potions of enlightenment
 e - 3 potions of curing
 h - a potion of mutation {unknown}
 i - a potion of brilliance {unknown}
 k - a potion of berserk rage {unknown}

Dungeon Overview and Level Annotations

Branches:
Dungeon (3/15)

Altars:
Hepliaklqana
Vehumet
The Shining One

Shops:
D:2 (

Annotations:
D:3 1 runed translucent door, Robin; qw's ghost, amateur DEHu


Message History

You shoot an arrow. The arrow barely misses Ijyb.
Robin misses you. Ijyb closely misses you.
You shoot an arrow. The arrow hits Ijyb!
Ijyb is severely wounded.
Robin misses you. Ijyb hits you with a +0 dagger.
You shoot an arrow. The arrow hits Ijyb!
You kill Ijyb!
Robin closely misses you. Robin misses you.
You have reached level 5!
You feel clever.
You shoot an arrow. The arrow barely misses Robin.
Robin completely misses you.
You shoot an arrow.
The arrow hits Robin but does no damage.
Robin says, "Kneel, worm!"
Robin completely misses you.
You shoot an arrow. The arrow hits Robin.
Robin is lightly wounded.
Robin misses you.
You shoot an arrow. The arrow closely misses Robin.
Robin completely misses you.
You shoot an arrow. The arrow closely misses Robin.
Robin misses you.
You shoot an arrow.
The arrow hits Robin but does no damage.
Robin is lightly wounded.
Robin closely misses you.
You shoot an arrow. The arrow hits Robin.
Robin is moderately wounded.
Robin hits you from afar with a +0 trident!
You shoot an arrow.
The arrow hits Robin but does no damage.
Robin is moderately wounded.
Robin hits you from afar with a +0 trident.
You shoot an arrow.
The arrow hits Robin but does no damage.
Robin is moderately wounded.
Robin barely misses you.
Robin hits you from afar with a +0 trident!
You die...
Robin says, "And that's why I'm the boss."

............ #...
##........ ##...
#......... #..)%
#......... #..).
#..<...... #....
#......... #...g
#.....)...
#....########.........
#.)@................
###########.........
#......... #...[.....
##.......# ##.....##
#######


You could see Robin.

Vanquished Creatures
  A hound (D:3)
  Ijyb (D:3)
  A gnoll (D:1)
  3 adders (D:3)
  3 dart slugs
  An orc (D:3)
  7 ball pythons
  6 bats
  2 endoplasms
  3 giant cockroaches
  9 goblins
  5 hobgoblins
  4 jackals (D:3)
  2 quokkas
  3 frilled lizards
  3 kobolds
  3 rats
57 creatures vanquished.

Notes
Turn   | Place    | Note
-------+----------+-------------------------------------------
     0 | D:1      | qw the Spriggan Hunter began the quest for the Orb.
     0 | D:1      | Reached XP level 1. HP: 10/10 MP: 2/2
     0 | D:1      | 0 ||| qw: Version: 0.3-a-160-g5e54788
     0 | D:1      | 0 ||| qw: Game counter: 4308
     0 | D:1      | 0 ||| qw: Melee chars always use a shield: true
     0 | D:1      | 0 ||| qw: God list: Okawaru
     0 | D:1      | 0 ||| qw: Allow faded altars: false
     0 | D:1      | 0 ||| qw: Do Orc after clearing Dungeon:15 true
     0 | D:1      | 0 ||| qw: Do second Lair branch before Depths: true
     0 | D:1      | 0 ||| qw: Lair rune preference: random
     0 | D:1      | 0 ||| qw: Goals: Normal
     0 | D:1      | 0 ||| PLANNING D:1-11
    80 | D:1      | Reached skill level 3 in Dodging
   180 | D:1      | Reached XP level 2. HP: 14/14 MP: 3/3
   674 | D:1      | Reached XP level 3. HP: 6/18 MP: 4/4
   948 | D:1      | 948 ||| UPGRADING to +1 cloak.
   953 | D:1      | 953 ||| READING scroll labelled CIAXZADEMU.
   953 | D:1      | 953 ||| ENCHANTING +1 cloak.
   954 | D:1      | 954 ||| READING scroll labelled PED RULECAPTUMP.
   955 | D:1      | 955 ||| READING scroll labelled DASTROA ADWO.
   955 | D:1      | 955 ||| IDENTIFYING grey potion
   956 | D:1      | 956 ||| DROPPING scroll of butterflies.
  1351 | D:2      | Found Honemyza's Antique Weapon Shop.
  1455 | D:2      | Found a faded altar of an unknown god.
  1719 | D:2      | 1719 ||| READING scroll of identify.
  1719 | D:2      | 1719 ||| IDENTIFYING orange potion
  1720 | D:2      | 1720 ||| DRINKING 3 yellow potions.
  1766 | D:3      | 1766 ||| RETREEEEATING.
  1767 | D:3      | 1767 ||| RETREEEEATING.
  1768 | D:3      | 1768 ||| RETREEEEATING.
  1778 | D:3      | Reached XP level 4. HP: 19/22 MP: 5/5
  1843 | D:3      | Found a glowing golden altar of the Shining One.
  1868 | D:3      | Found a hazy altar of Hepliaklqana.
  1937 | D:3      | Found a runed translucent door.
  1937 | D:3      | Noticed qw's ghost (amateur DEHu)
  2046 | D:3      | Identified the ring of Zameed {AC+4 Str+5}
  2111 | D:3      | Found a radiant altar of Vehumet.
  2172 | D:3      | Noticed Ijyb
  2187 | D:3      | Noticed Robin
  2191 | D:3      | HP: 5/23 [Ijyb/+0 dagger (3)]
  2192 | D:3      | 2192 ||| DRINKING potion of heal wounds.
  2199 | D:3      | Killed Ijyb
  2200 | D:3      | Reached XP level 5. HP: 10/26 MP: 6/6
  2206 | D:3      | HP: 5/26 [Robin/+0 trident (7)]
  2208 | D:3      | Slain by Robin

Levels and vault maps discovered:
D:1:      ncdulo_smallfort, layout_loops_ring, minmay_misc_feat_ornament,
          chequers_avenue, serial_bayou_crossing
D:2:      layout_basic, serial_shops, nicolae_shop_peninsula,
          chequers_ecumenical_altar_simple_redux
D:3:      layout_rooms, fiery_altar_vehumet, mainiacjoe_overflow_two_lobes,
          gammafunk_ghost_grave, nicolae_goblin_pals

Skill      XL: |  1  2  3  4 |
---------------+-------------+-----
Dodging        | 3 4 5 |  5.0
Ranged Weapons | 5 |  5.4
Fighting       | 2 |  2.0
Stealth        | |  1.5

Action                     |  1- 3 |  4- 6 || total
---------------------------+-------+-------++-------
   Fire: Shortbow          |    97 |    72 ||   169
    Use: Scroll            |     4 |       ||     4
         Potion            |     1 |     1 ||     2
 Armour: Robe              |    12 |    17 ||    29
  Dodge: Dodged            |    29 |    38 ||    67

Table legend:
 A = Non-vault XP
 B = Vault XP
 C = Vault XP percentage of total XP
 D = Non-vault monster count
 E = Vault monster count
 F = Vault count percentage of total count
                 A         B        C        D         E       F
            +---------+---------+-------+---------+---------+-------
      Total |     183 |      46 |  20.1 |      50 |       7 |  12.3
            +---------+---------+-------+---------+---------+-------
        D:1 |      50 |       0 |   0.0 |      19 |       0 |   0.0
        D:2 |      22 |       0 |   0.0 |      12 |       0 |   0.0
        D:3 |     111 |      46 |  29.3 |      19 |       7 |  26.9
            +---------+---------+-------+---------+---------+-------
